 Dungeon Crawl Stone Soup version 0.15-a0-1115-g12a312a (console) character file.

1307 gw the Basher (level 8, 0/84 HPs)
             Began as an Ogre Berserker on May 28, 2014.
             Was a Priest of Trog.
             Slain by a centaur (4 damage)
             ... on Level 5 of the Dungeon.
             The game lasted 00:02:22 (6583 turns).

gw the Basher (Ogre Berserker)                      Turns: 6583, Time: 00:02:22

HP   0/84        AC  3     Str 23      XL: 8   Next: 57%
MP   8/8         EV 12     Int  6      God: Trog [***...]
Gold 0           SH  0     Dex 13      Spells:  0 memorised,  7 levels left

rFire  . . .     SeeInvis .     j - +0,+2 flail
rCold  . . .     Clarity  .     b - +0 animal skin
rNeg   . . .     Conserve .     (shield restricted)
rPois  .         rCorr    .     (helmet restricted)
rElec  .         rRot     .     (no cloak)
SustAb .         Spirit   .     (gloves unavailable)
rMut   .         Warding  .     (boots unavailable)
Gourm  .         Stasis   .     (no amulet)
MR     +++..                    x - ring of protection from magic
                                g - +2 ring of dexterity

@: regenerating, extremely resistant to hostile enchantments, very unstealthy
A: unfitting armour, tough skin 1
a: Burn Spellbooks, Berserk, Trog's Hand, Renounce Religion


You were on level 5 of the Dungeon.
You worshipped Trog.
Trog was most pleased with you.
You were hungry.

You visited 1 branch of the dungeon, and saw 5 of its levels.

Inventory:

Hand weapons
 j - a +0,+2 flail (weapon)
Missiles
 e - 63 stones (quivered)
 i - 28 darts of frost
 k - 99 darts
 s - 8 tomahawks
Armour
 b - a +0 animal skin (worn)
Comestibles
 c - 4 meat rations
 d - 2 royal jellies
 l - 2 bread rations
 p - 3 slices of pizza
 r - 16 fruits
Scrolls
 a - a scroll of remove curse
 n - a scroll of fear {unknown}
 t - a scroll of enchant weapon I {unknown}
 u - 2 scrolls of identify
 w - a scroll of recharging
Jewellery
 g - a +2 ring of dexterity (left hand)
 x - a ring of protection from magic (right hand)
Potions
 f - a potion of flight
 m - a potion of brilliance
 o - 3 potions of curing
 q - a potion of confusion


   Skills:
 + Level 6.9 Fighting
 * Level 9.5 Maces & Flails
 + Level 4.7 Throwing
 + Level 5.0 Dodging


You had 7 spell levels left.
You didn't know any spells.

Dungeon Overview and Level Annotations

Branches:
Dungeon (5/15)
 Temple: D:4-7

Altars:
Okawaru
Sif Muna
Trog
Yredelemnul
Zin


Innate Abilities, Weirdness & Mutations

You are too large for most types of armour.
You have tough skin (AC +1).


Message History

MOVING TO (-1,1)
You start resting.
Unknown command.
The centaur unwields an uncursed shortbow.
The centaur closely misses you.
MOVING TO (0,8) MOVING TO (0,7) MOVING TO (0,6)
The centaur completely misses you.
MOVING TO (0,5) Use which ability? (? or * to list)
Your skin crawls.
You feel resistant to hostile enchantments.
You feel slightly more hungry. The centaur closely misses you.
The centaur hits you!
FLEEEEING!
MOVING TO (0,4) MOVING TO (0,3)
The centaur hits you.
You die...

...........#............(.(((((((
.....###...#.............########
......###..#.#.#.#.#.............
......###..#.#.#.#.#.###########
......).)...)......#.#
.#.......#.........#.#
.........#...#.....#.#
.........#...#..c..#.#
.........#...#.#O#.#.#
.........#.#.#.#.#.#.#####
.........#.#...#)#.#.#...#
........#.#...#.#.#.#)#.#
.............#.#.#$#.#.# .
.........#......#.#.#.#
.............o.....#
###...##...........#
#.....$.#....(.....#


You could see a centaur.

Table legend:
 A = Turns spent in this place as a percentage of turns spent in the entire game.
 B = Non-inter-level travel turns spent in this place as a percentage of non-inter-level travel turns spent in the entire game.
 C = Inter-level travel turns spent in this place as a percentage of turns spent in this place.
 D = Turns resting spent in this place as a percentage of non-inter-level travel turns spent in this place.
 E = Turns spent auto-exploring this place as a percentage of non-inter-level travel turns spent in this place.
 F = Non-inter-level travel turns spent in this place divided by the number of levels of this place that you've seen.
                   A       B       C       D       E      F
               +-------+-------+-------+-------+-------+----------------------
         Total | 100.0 | 100.0 |   1.1 |  11.7 |  19.2 | 231.6
       Dungeon | 100.0 | 100.0 |   1.1 |  11.7 |  19.2 | 231.6
               +-------+-------+-------+-------+-------+----------------------

Table legend:
 A = Kills in this place as a percentage of kills in entire the game.
 B = Kills by you in this place as a percentage of kills by you in the entire game.
 C = Kills by friends in this place as a percentage of kills by friends in the entire game.
 D = Other kills in this place as a percentage of other kills in the entire game.
 E = Experience gained in this place as a percentage of experience gained in the entire game.
 F = Experience gained in this place divided by the number of levels of this place that you have seen.
                   A       B       C       D       E      F
               +-------+-------+-------+-------+-------+----------------------
         Total | 100.0 | 100.0 |  -nan |  -nan | 100.0 | 373.6
       Dungeon | 100.0 | 100.0 |  -nan |  -nan | 100.0 | 373.6
               +-------+-------+-------+-------+-------+----------------------

Vanquished Creatures
  The ghost of gw the Cudgeler, an experienced OgBe of Trog (D:5)
  A sky beast (D:5)
  A giant frog (D:4)
  Blork the orc (D:5)
  A centaur zombie (D:5)
  A centaur skeleton (D:5)
  A goliath beetle (D:5)
  5 orc priests
  2 hounds
  An iguana (D:5)
  2 orc wizards
  4 worker ants
  Jessica (D:2)
  2 gnolls (D:5)
  A shadow imp (D:5)
  4 adders
  A worm (D:2)
  A giant gecko (D:5)
  An ooze (D:2)
  22 orcs
  A ball python (D:2)
  3 giant cockroaches
  10 goblins
  5 hobgoblins
  16 jackals
  A quokka (D:2)
  8 bats
  3 giant newts
  A hobgoblin skeleton (D:5)
  5 kobolds
  An orc zombie (D:5)
  8 rats
116 creatures vanquished.

Notes
Turn   | Place    | Note
--------------------------------------------------------------
     0 | D:1      | gw, the Ogre Berserker, began the quest for the Orb.
     0 | D:1      | Reached XP level 1. HP: 24/24 MP: 1/1
   265 | D:1      | Found a deep blue altar of Sif Muna.
   390 | D:1      | Reached XP level 2. HP: 32/32 MP: 2/2
   983 | D:2      | Reached XP level 3. HP: 36/40 MP: 3/3
  1214 | D:2      | Acquired Trog's second power
  1236 | D:2      | Noticed Jessica
  1240 | D:2      | Killed Jessica
  1240 | D:2      | Reached skill level 5 in Maces & Flails
  1240 | D:2      | Reached skill level 1 in Throwing
  1287 | D:2      | Reached XP level 4. HP: 47/49 MP: 4/4
  1701 | D:2      | Found a glowing silver altar of Zin.
  1805 | D:2      | Found a bloodstained altar of Trog.
  1807 | D:2      | Found an iron altar of Okawaru.
  2473 | D:3      | Reached skill level 5 in Fighting
  2473 | D:3      | Reached XP level 5. HP: 57/57 MP: 5/5
  3087 | D:4      | Found a basalt altar of Yredelemnul.
  3112 | D:4      | Reached skill level 6 in Maces & Flails
  3236 | D:4      | Reached XP level 6. HP: 66/66 MP: 6/6
  4164 | D:4      | Paralysed by a potion of paralysis for 3 turns
  4215 | D:5      | Entered Level 5 of the Dungeon
  4246 | D:5      | Reached skill level 7 in Maces & Flails
  4400 | D:5      | Noticed gw's ghost (experienced OgBe)
  4409 | D:5      | Killed gw's ghost
  4409 | D:5      | Reached skill level 8 in Maces & Flails
  4409 | D:5      | Reached XP level 7. HP: 75/75 MP: 7/7
  4764 | D:5      | Received a gift from Trog
  4909 | D:5      | Reached XP level 8. HP: 84/84 MP: 8/8
  4961 | D:5      | Noticed Blork the orc
  4970 | D:5      | Killed Blork the orc
  5810 | D:5      | Reached skill level 9 in Maces & Flails
  6264 | D:5      | Reached skill level 5 in Dodging
  6565 | D:5      | HP: 4/84 [centaur/arrow (10)]
  6581 | D:5      | HP: 2/84 [centaur (7)]
  6583 | D:5      | Slain by a centaur

Action                   |  1- 3 |  4- 6 |  7- 9 || total
-------------------------+-------+-------+-------++-------
Melee: Mace              |    42 |    40 |       ||    82
       Flail             |       |    64 |   129 ||   193
Throw: Stone             |    38 |    65 |    58 ||   161
Invok: Berserk           |     1 |     6 |     4 ||    11
       Trog's Hand       |       |     1 |     3 ||     4
  Use: Scroll            |     6 |     6 |     4 ||    16
       Potion            |     2 |     9 |       ||    11
 Stab: Sleeping          |     1 |       |       ||     1

Vault maps used:
D:1:      dpeg_arrival_rooms_b, roderic_lattice_a, kennysheep_flooded_box
D:2:      gammafunk_temple_overflow_pools, lemuel_crystal_altar, uniq_jessica
D:3:      st_stairs_13
D:4:      yredelemnul_altar_generic
D:5:      first_bread, minmay_misc_feat_five, uniq_blork_the_orc
